 Dungeon Crawl Stone Soup version 0.29-a0-187-ga23d9638d5 (webtiles) character file.

Game seed: 17330606533750990850

252 cyrus the Chopper (level 6, 0/53 HPs)
             Began as a Hill Orc Fighter on Feb 21, 2022.
             Was a Believer of Vehumet.
             Slain by an orc wizard (2 damage)
             ... on level 4 of the Dungeon.
             The game lasted 00:07:06 (5285 turns).

cyrus the Chopper (Hill Orc Fighter)                Turns: 5285, Time: 00:07:07

Health: 0/53       AC:  7    Str: 19    XL:     6   Next: 14%
Magic:  0/6        EV:  9    Int: 10    God:    Vehumet [**....]
Gold:   92         SH:  4    Dex: 10    Spells: 5/5 levels left

rFire   . . .      SeeInvis .   a - +0 war axe
rCold   . . .      Faith    .   c - +0 buckler
rNeg    . . .      Spirit   +   b - +0 scale mail
rPois   .          Reflect  .   (no helmet)
rElec   .          Harm     +   n - scarf {harm}
rCorr   .          Rampage  .   (no gloves)
Will    .....                   (no boots)
Stlth   ..........              o - amulet of guardian spirit
HPRegen 0.17/turn               (no ring)
MPRegen 0.10/turn               (no ring)

@: no status effects
A: no striking features
a: Renounce Religion


You were on level 4 of the Dungeon.
You worshipped Vehumet.
Vehumet was pleased with you.
You visited 1 branch of the dungeon, and saw 4 of its levels.

You collected 92 gold pieces.

Inventory:

Hand Weapons
 a - a +0 war axe (weapon)
Armour
 b - a +0 scale mail (worn)
 c - a +0 buckler (worn)
 n - a scarf of harm (worn)
Jewellery
 o - an amulet of guardian spirit (around neck)
Wands
 m - a wand of digging (4)
Scrolls
 f - 2 scrolls of fog {unknown}
 g - a scroll of identify {unknown}
 i - a scroll of teleportation {unknown}
 k - a scroll of amnesia {unknown}
 l - a scroll of immolation {unknown}
 p - a scroll of enchant armour {unknown}
Potions
 d - a potion of lignification {unknown}
 e - a potion of magic {unknown}
 h - a potion of flight {unknown}
 j - a potion of heal wounds {unknown}
 q - a potion of cancellation {unknown}


   Skills:
 + Level 4.7 Fighting
 + Level 5.0 Axes
 + Level 4.6 Armour
 + Level 1.1 Dodging
 + Level 0.4 Stealth
 + Level 4.1 Shields


You had 5 spell levels left.
You didn't know any spells.
Your spell library contained the following spells:

 Spells                   Type           Power      Damage    Failure   Level
 Scorch                   Fire           0%         2d5       91%         2
 Sandblast                Erth           0%         2d4       80%         1
 Passwall                 Tmut/Erth      0%         N/A       91%         2
 Gell's Gravitas          Tloc           0%         N/A       99%         3
 Stone Arrow              Conj/Erth      0%         3d7       99%         3
 Metabolic Englaciation   Hex/Ice        0%         N/A       100%        5
 Summon Mana Viper        Hex/Summ       0%         N/A       100%        5


Dungeon Overview and Level Annotations

Branches:
Dungeon (4/15)
 Temple: D:4-7

Altars:
Vehumet


Message History

The orc wizard hits you with a +0 dagger of protection.
* * * LOW HITPOINT WARNING * * *
You closely miss the orc wizard.
The orc wizard is moderately wounded.
The orc wizard barely misses you.
You barely miss the orc wizard.
The orc wizard is moderately wounded.
The orc wizard points at you and mumbles some strange words.
You are confused.
You hit the orc wizard.
The orc wizard is severely wounded.
The orc wizard hits you but does no damage.
The orc wizard hits you with a +0 dagger of protection.
* * * LOW HITPOINT WARNING * * *
The orc wizard casts a spell.
The orc wizard flickers and vanishes!
Deactivating autopickup; reactivate with Ctrl-A.
Unknown command.
You bump into the stone wall.
You completely miss something. Something hits you but does no damage.
You miss something. Something hits you.
You feel less confused. Something hits you but does no damage.
You hear some strange, mumbled words.
You are confused.
You hear some strange, mumbled words.
A puff of flame appears from out of thin air!
The puff of flame hits you.
* * * LOW HITPOINT WARNING * * *
You bump into the stone wall.
A magic dart appears from out of thin air!
The magic dart hits you!
* * * LOW HITPOINT WARNING * * *
You bump into the rock wall.
You hear some strange, mumbled words.
Something tries to affect you, but you resist.
You closely miss something.
You feel less confused. Something hits you.
You die...

##### #)).#
#.#.######
##)#.#....#
##..#.#.##.#
#...#.#..#.#
#...#.##.#.#
#@..#....#.#
##..######.#
#..#......#
...#.######
....#.#....#
.#...#.#.##.#
..##..#.#..#.#
.# ##.#.##.#.#
## ##....#.#


There were no monsters in sight!

Vanquished Creatures
  A hound (D:3)
  An orc priest (D:4)
  2 orc wizards (D:4)
  A howler monkey skeleton (D:2)
  6 adders
  An ufetubus (D:4)
  A worm (D:2)
  6 orcs (D:4)
  5 endoplasms
  4 giant cockroaches
  6 goblins
  3 hobgoblins
  6 jackals
  4 quokkas
  4 ball pythons
  8 bats
  4 kobolds
  5 rats
  4 bushes (D:3)
72 creatures vanquished.

Vanquished Creatures (others)
  A fungus (D:1)
  4 plants
5 creatures vanquished.

Grand Total: 77 creatures vanquished

Notes
Turn   | Place    | Note
-------+----------+-------------------------------------------
     0 | D:1      | cyrus the Hill Orc Fighter began the quest for the Orb.
     0 | D:1      | Reached XP level 1. HP: 19/19 MP: 1/1
    57 | D:1      | Found a faded altar of an unknown god.
    93 | D:1      | Prayed at the altar of an unknown god.
    93 | D:1      | Became a worshipper of Vehumet
    93 | D:1      | Reached * piety under Vehumet
    93 | D:1      | Offered knowledge of Freeze by Vehumet.
   314 | D:1      | Reached XP level 2. HP: 27/27 MP: 2/2
  1135 | D:1      | Reached skill level 3 in Axes
  1135 | D:1      | Reached XP level 3. HP: 30/33 MP: 3/3
  1771 | D:2      | You fall into a shaft and drop 1 floor!
  1805 | D:3      | Offered knowledge of Scorch by Vehumet.
  2259 | D:3      | Reached ** piety under Vehumet
  2277 | D:3      | Reached XP level 4. HP: 11/41 MP: 4/4
  2646 | D:3      | Got Sif Muna's Tome of Unstable Malediction
  2658 | D:3      | Found Panlupna's Antique Armour Emporium.
  3894 | D:2      | Reached skill level 1 in Dodging
  4247 | D:2      | Reached XP level 5. HP: 47/47 MP: 5/5
  4357 | D:2      | Reached skill level 4 in Axes
  5238 | D:4      | Reached XP level 6. HP: 42/53 MP: 6/6
  5252 | D:4      | Reached skill level 5 in Axes
  5282 | D:4      | HP: 1/53 [something/magic dart (7)]
  5285 | D:4      | Slain by an orc wizard

Illustrated notes

Levels and vault maps discovered:
D:1:      scummos_arrival_forest, layout_basic,
          shapermc_ecumenical_altar_mp_ritualfount
D:2:      layout_loops_corners, minmay_misc_feat_more_columns
D:3:      layout_basic, serial_shops, shop, serial_forest,
          infiniplex_forest_zigzag_1, infiniplex_forest_lined_corner,
          infiniplex_forest_clump_large, infiniplex_forest_side_room,
          infiniplex_forest_lined_corner, infiniplex_forest_lined_2,
          infiniplex_forest_lined_2, infiniplex_forest_clump_diagonal
D:4:      layout_rooms, patterned_corridor

Skill      XL: |  1  2  3  4  5  6 |
---------------+-------------------+-----
Fighting       | 4 |  4.7
Axes           | 3 4 5 |  5.0
Armour         | 4 |  4.6
Dodging        | 1 |  1.1
Shields        | 4 |  4.1
Stealth        | |  0.4

Action                   |  1- 3 |  4- 6 || total
-------------------------+-------+-------++-------
Melee: War axe           |   122 |   226 ||   348
  Use: Potion            |       |     1 ||     1
Armor: Scale mail        |    86 |    46 ||   132
Dodge: Dodged            |    84 |    43 ||   127
Block: Buckler           |    57 |    15 ||    72

Table legend: (Time is in decaauts)
 A = Elapsed time spent in this place.
 B = Non-inter-level travel time spent in this place.
 C = Inter-level travel time spent in this place.
 D = Time resting spent in this place.
 E = Time spent auto-exploring this place.
 F = Levels seen in this place.
 G = Mean time per level.
                   A        B        C        D        E       F      G
               +--------+--------+--------+--------+--------+-----+--------+
         Total |   5411 |   5267 |    144 |   2014 |   2249 |   4 | 1352.8 |
       Dungeon |   5411 |   5267 |    144 |   2014 |   2249 |   4 | 1352.8 |
               +--------+--------+--------+--------+--------+-----+--------+

Top non-repeatable levels by time:
     D:3: 1740 daAuts
     D:2: 1658 daAuts
     D:1: 1415 daAuts
     D:4: 598 daAuts
